 Dungeon Crawl Stone Soup version 0.28.0-43-g3370ac3207 (webtiles) character file.

Game seed: 17552942763228815604

522 experimilk the Chopper (level 7, 0/47 (54) HPs)
             Began as a Palentonga Warper on Mar 19, 2022.
             Slain by a wight
             ... wielding a +4 mace
              (8 damage)
             ... on level 3 of the Dungeon.
             The game lasted 00:12:13 (5784 turns).

experimilk the Chopper (Palentonga Warper)          Turns: 5784, Time: 00:12:14

HP:   0/47 (54)     AC: 15    Str: 16 (17) XL:     7   Next: 1%
MP:   9/10          EV:  7    Int: 12 (13) God:
Gold: 96            SH:  0    Dex:  7 (9)  Spells: 5/10 levels left

rFire   . . .      SeeInvis +   a - +0 hand axe (freeze)
rCold   . . .      Faith    .   (no shield)
rNeg    . . .      Spirit   .   b - +0 leather armour
rPois   .          Reflect  .   (no helmet)
rElec   .          Harm     .   (no cloak)
rCorr   .          Rampage  .   (no gloves)
Will    .....                   k - +0 barding
Stlth   +.........              (no amulet)
HPRegen 0.15/turn               (no ring)
MPRegen 0.12/turn               (no ring)

@: flying, studying Dodging, heavily drained, curled up
A: large, rugged brown scales 3, see invisible, deformed body, roll 1, armoured
tail, reflexive curl
a: Rolling Charge


You were on level 3 of the Dungeon.
You visited 1 branch of the dungeon, and saw 4 of its levels.

You collected 96 gold pieces.

Inventory:

Hand Weapons
 a - a +0 hand axe of freezing (weapon)
 f - a +0 hand axe
Missiles
 d - 5 boomerangs of dispersal (quivered)
 e - 5 boomerangs
Armour
 b - a +0 leather armour (worn)
 j - a +0 scale mail
 k - a +0 barding (worn)
Wands
 i - a wand of digging (4)
 n - a wand of iceblast (2)
Scrolls
 c - a scroll of silence {unknown}
 g - a scroll of enchant weapon {unknown}
 l - a scroll of fog {unknown}
 m - 2 scrolls of brand weapon
 o - a scroll of magic mapping {unknown}
 q - a scroll of teleportation {unknown}
Potions
 h - a potion of degeneration
 p - a potion of flight


   Skills:
 + Level 2.4 Fighting
 * Level 7.2 Axes
 - Level 0.6 Throwing
 - Level 0.7 Armour
 + Level 2.2 Dodging
 - Level 2.0 Spellcasting
 + Level 3.2 Translocations


You had 5 spell levels left.
You knew the following spells:

 Your Spells              Type           Power      Damage    Failure   Level
a - Blink                 Tloc           18%        N/A       13%         2
b - Gell's Gravitas       Tloc           9%         N/A       26%         3

Your spell library contained the following spells:

 Spells                   Type           Power      Damage    Failure   Level
 Lesser Beckoning         Tloc           9%         N/A       26%         3
 Teleport Other           Tloc           9%         N/A       26%         3
 Sublimation of Blood     Necr           1%         N/A       45%         2
 Wereblood                Tmut           1%         N/A       45%         2
 Manifold Assault         Tloc           9%         N/A       94%         5
 Summon Hydra             Summ           0%         N/A       100%        7


Dungeon Overview and Level Annotations

Branches:
Dungeon (4/15)
 Temple: D:4-7

Altars:
Qazlal


Innate Abilities, Weirdness & Mutations

You are completely covered in rugged brown scales. (AC +3, +7% HP)
You have supernaturally acute eyesight. (SInv)
Armour fits poorly on your strangely shaped body.
You can roll at nearby foes to attack.
You have a long armoured tail.
You curl defensively after being hit. (AC +7*)


Message History

Casting: Blink (safe; 12% risk of failure)
Confirm with . or Enter, or press ? or * to list all spells.
You blink.
You barely miss the wight. You tail-slap the wight.
The wight is moderately damaged.
The wight barely misses you.
You barely miss the wight.
The wight is moderately damaged.
The wight hits you but does no damage.
You hit the wight but do no damage.
The wight is moderately damaged.
The wight hits you with a +4 mace.
You feel drained.
You closely miss the wight.
You tail-slap the wight, but do no damage.
The wight is moderately damaged.
The wight hits you with a +4 mace!
You feel drained.
You hit the wight.
The wight is moderately damaged.
You feel stable enough to blink again. The wight hits you with a +4 mace!
You slash the wight!
The wight is severely damaged.
The wight hits you but does no damage.
You barely miss the wight.
The wight is severely damaged.
The wight barely misses you.
You completely miss the wight.
The wight is severely damaged.
The wight hits you with a +4 mace!
* * * LOW HITPOINT WARNING * * *
It was a potion of degeneration.
There was something very wrong with that liquid.
You feel weakened.
You feel dopey.
You feel clumsy. The wight hits you with a +4 mace.
* * * LOW HITPOINT WARNING * * *
You feel drained.
It was a potion of flight.
You feel very buoyant.
You fly up into the air.
The wight hits you with a +4 mace!
You die...

#####.#.###.#.####...........##
#.#.# #.#.# #.###.......# #
#.#.# #.#.####.# #.#####.# #
#.#.# #.#......# #.# #.#
#####.#.# #.#..#######.# #.#
+..##.#.###.#..........# #.#
##.##.#.....##.#############.##
...................>..........#
##.##[#..#..####@z#############
##.#.....#..#..#..<.........#
...#####.#..#..#..#########.#
##.......#..#..#............#
##.#######..#..#.############
............#..#.#
###.........#..#.#
.##.#######.#..#.# .##..#
#.#..#.#


You could see a wight.

Vanquished Creatures
  Grinder (D:4)
  A necrophage (D:4)
  An orc priest (D:3)
  A bullfrog skeleton (D:4)
  A hound (D:3)
  Terence (D:2)
  2 adders (D:3)
  2 worms (D:2)
  3 dart slugs
  12 orcs (D:3)
  10 ball pythons
  4 endoplasms
  4 giant cockroaches
  7 goblins
  5 hobgoblins
  5 kobolds
  2 quokkas
  4 bats
  3 frilled lizards
  5 rats
74 creatures vanquished.

Vanquished Creatures (others)
  3 plants (D:3)
3 creatures vanquished.

Grand Total: 77 creatures vanquished

Notes
Turn   | Place    | Note
-------+----------+-------------------------------------------
     0 | D:1      | experimilk the Palentonga Warper began the quest for the
                  | Orb.
     0 | D:1      | Reached XP level 1. HP: 17/17 MP: 3/3
   419 | D:1      | Reached XP level 2. HP: 20/23 MP: 5/5
   458 | D:1      | Learned a level 2 spell: Blink
   652 | D:1      | Reached skill level 3 in Axes
  1368 | D:2      | Reached XP level 3. HP: 28/28 MP: 6/6
  1511 | D:2      | Found a faded altar of an unknown god.
  1638 | D:2      | Noticed Terence
  1643 | D:2      | Killed Terence
  1644 | D:2      | Reached skill level 4 in Axes
  2027 | D:2      | Reached XP level 4. HP: 31/35 MP: 7/7
  2192 | D:2      | Learned a level 3 spell: Gell's Gravitas
  2223 | D:2      | Found a stormy altar of Qazlal.
  2423 | D:2      | You fall into a shaft and drop 1 floor!
  3066 | D:3      | Reached skill level 5 in Axes
  3261 | D:3      | HP: 1/35 [orc/+0 flail (3)]
  3281 | D:3      | Reached XP level 5. HP: 13/40 MP: 8/8
  5058 | D:4      | Noticed a necrophage
  5125 | D:4      | Noticed Grinder
  5255 | D:4      | Reached skill level 6 in Axes
  5498 | D:4      | Killed Grinder
  5499 | D:4      | Reached skill level 7 in Axes
  5499 | D:4      | Reached XP level 6. HP: 35/47 MP: 9/9
  5675 | D:4      | Gained mutation: You curl defensively after being hit. (AC
                  | +7*) [Palentonga growth]
  5675 | D:4      | Reached XP level 7. HP: 46/54 MP: 10/10
  5784 | D:3      | Slain by a wight

Illustrated notes

Levels and vault maps discovered:
D:1:      roderic_chinese_lattice_arrival, layout_basic
D:2:      layout_loops_ring, basic_altar,
          dreamdust_ecumenical_altar_hidden_monk_grotto,
          lexackson_kobold_supper, uniq_terence
D:3:      layout_basic, minmay_shallow_snake_nest
D:4:      layout_basic, uniq_grinder

Skill      XL: |  1  2  3  4  5  6 |
---------------+-------------------+-----
Axes           | 3 4 5 7 |  7.2
Dodging        | 2 |  2.2
Fighting       | |  2.4
Throwing       | |  0.6
Armour         | |  0.7
Spellcasting   | |  2.0
Translocations | |  3.2

Action                   |  1- 3 |  4- 6 |  7- 9 || total
-------------------------+-------+-------+-------++-------
Melee: Hand axe          |    81 |   164 |    11 ||   256
       Tailslap          |    16 |    21 |     3 ||    40
       Punch             |     3 |     5 |       ||     8
 Cast: Blink             |     1 |     6 |     1 ||     8
 Abil: Rolling Charge    |    11 |    18 |     1 ||    30
Evoke: Wand              |       |     1 |       ||     1
  Use: Scroll            |     1 |     2 |       ||     3
       Potion            |       |     3 |     2 ||     5
Armor: Leather armour    |    20 |   115 |     3 ||   138
Dodge: Dodged            |    36 |    55 |     3 ||    94
